 Dungeon Crawl Stone Soup version 0.30-b1-2-g02819fbbbe (webtiles) character file.

Game seed: 14705289251100209807

9943 Borgoz the Cruncher (level 11, -2/71 HPs)
             Began as a Gargoyle Gladiator on June 26, 2023.
             Slain by a bone dragon (17 damage)
             ... on level 1 of the Abyss on July 14, 2023.
             The game lasted 00:32:53 (10277 turns).

Borgoz the Cruncher (Gargoyle Gladiator)           Turns: 10277, Time: 00:32:54

Health: -2/71      AC: 26    Str: 18    XL:     11   Next: 54%
Magic:  11/11      EV: 14    Int:  9    God:
Gold:   1881       SH:  5    Dex: 21    Spells: 10/10 levels left

rFire   + . .        a - +4 quarterstaff (drain)
rCold   + . .        (shield currently unavailable)
rNeg    + . .        y - +6 scale mail of Moq Kiyw {Slay+3}
rPois   ∞            c - +0 helmet
rElec   +            m - scarf {rC+ rF+}
rCorr   .            (no gloves)
SInv    .            d - +1 pair of boots
Will    +....        j - amulet of reflection Stlth
                     q - ring of willpower
HPRegen 0.31/turn    B - +6 ring of dexterity
MPRegen 0.12/turn

%: reflection
@: mighty
A: sickness immunity, AC +8, negative energy resistance 1, electricity
resistance, torment resistance 1, petrification resistance
a: no special abilities


You were on level 1 of the Abyss.
You visited 2 branches of the dungeon, and saw 11 of its levels.
You visited the Abyss 1 time.
You also visited: Sewer and Bailey.

You collected 2085 gold pieces.
You spent 204 gold pieces at shops.

Inventory:

Hand Weapons
 a - a +4 quarterstaff of draining (weapon)
Missiles
 e - 13 javelins
 C - 44 poisoned darts (quivered)
Armour
 c - a +0 helmet (worn)
 d - a +1 pair of boots (worn)
 m - a scarf of resistance (worn)
 y - the +6 scale mail of Moq Kiyw (worn) {Slay+3}
   (You found it on level 4 of the Dungeon)

   Slay:      It affects your accuracy & damage with ranged weapons and melee
   (+3).
Jewellery
 h - a ring of positive energy
 j - an amulet of reflection (around neck)
 q - a ring of willpower (left hand)
 s - an amulet of magic regeneration
 w - an amulet of faith
 B - a +6 ring of dexterity (right hand)
 R - a ring of positive energy
Wands
 u - a wand of flame (12)
 F - a wand of roots (9)
 M - a wand of charming (5)
 N - a wand of polymorph (13)
Scrolls
 n - 6 scrolls of teleportation
 D - 2 scrolls of fear
 H - 3 scrolls of vulnerability
 I - 5 scrolls of poison
 K - a scroll of amnesia
 O - a scroll of magic mapping
Potions
 f - 4 potions of cancellation
 g - 3 potions of resistance
 k - 8 potions of curing
 l - a potion of mutation
 o - 3 potions of attraction
 v - 4 potions of flight
 x - 3 potions of lignification
 z - 3 potions of magic
 A - a potion of heal wounds
 G - 2 potions of haste
 J - a potion of brilliance
 Q - a potion of experience {unknown}


   Skills:
 + Level 9.2 Fighting
 * Level 11.6 Staves
 - Level 2.5 Throwing
 + Level 8.4 Armour
 + Level 7.2 Dodging


You had 10 spell levels left.
You didn't know any spells.
Your spell library contained the following spells:

 Spells                   Type           Power      Damage    Failure   Level
 Dazzling Flash           Conj/Hex       0%         N/A       97%         3
 Volatile Blastmotes      Fire/Tloc      0%         2d10      97%         3
 Fulminant Prism          Conj/Hex       0%         3d5       100%        4
 Iskenderun's Mystic Bla  Conj/Tloc      0%         2d3       100%        4
 Leda's Liquefaction      Hex/Erth       0%         N/A       100%        4
 Lee's Rapid Deconstruct  Erth           0%         3d4*      100%        5
 Starburst                Conj/Fire      0%         6d3       100%        6
 Statue Form              Tmut/Erth      Unusable   N/A       N/A         6

Dungeon Overview and Level Annotations

Branches:
Dungeon (10/15)            Temple (1/1) D:5             Orc (0/2) D:10
  Sewer (visited)          Bailey (visited)
   Lair: D:8-11

Altars:
Ashenzari
Cheibriados
Dithmenos
Elyvilon
Fedhas
Hepliaklqana
Kikubaaqudgha
Makhleb
Nemelex Xobeh
Okawaru
Qazlal
Ru
Sif Muna
Trog
Uskayaw
Vehumet
Xom
Yredelemnul
Zin
The Shining One

Shops:
D:8 *


Innate Abilities, Weirdness & Mutations

You are immune to sickness and miasma.
Your stone body is resilient. (AC +8)
You are immune to poison.
You resist negative energy. (rN+)
You are resistant to electric shocks. (rElec)
You are resistant to unholy torment.
You are immune to petrification.


Message History

You barely miss the bone dragon.
The bone dragon is lightly damaged.
The bone dragon bites you but does no damage.
The bone dragon claws you.
The bone dragon tramples you but does no damage.
You bludgeon the bone dragon!!
The bone dragon is moderately damaged.
You hit the bone dragon.
The bone dragon is moderately damaged.
The bone dragon barely misses you. The bone dragon completely misses you.
The bone dragon tramples you.
You hold your ground!
You sock the bone dragon!
The bone dragon is moderately damaged.
The bone dragon closely misses you. The bone dragon claws you!
The bone dragon misses you.
You sock the bone dragon!
The bone dragon is moderately damaged.
The bone dragon bites you!
The bone dragon claws you but does no damage.
The bone dragon tramples you but does no damage.
The raiju attacks as you move away! The raiju bites you but does no damage.
The bone dragon completely misses you. The bone dragon closely misses you.
The bone dragon misses you.
You thump the bone dragon!
The bone dragon is heavily damaged.
The raiju bites you!
* * * LOW HITPOINT WARNING * * *
The raiju shocks you. You resist.
* * * LOW HITPOINT WARNING * * *
You barely miss the raiju.
The bone dragon bites you but does no damage.
The bone dragon claws you but does no damage.
You block the bone dragon's attack.
The raiju closely misses you. 2 sun demons come into view.
The balrug shouts!
The sun demon shouts! x2
You sock the sun demon!
The sun demon is moderately wounded.
You hear a shout!
The bone dragon bites you!
You die...

## .... #. #.#.
# ..###... #.
####.#..#.## ..
#. #........
.###. .
..#...#..... ..
# # #
....#...#.###...
#..
......3@h.#.. .
#
.#.##...D§.3#.#
.# #.##.2.†## #.
#..##§§##. .##
## ....#...#
#.#..3.#. .
.##..# .### ..#.
#.### #### #..


You could see a bone dragon, a balrug, 2 sun demons and a raiju.

Vanquished Creatures
  An orc warlord (Bailey)
  Urug (D:10)
  Pikel (D:6)
  A deep elf pyromancer (D:9)
  A cyclops (D:10)
  A komodo dragon (D:7)
  2 unseen horrors
  A hellion (Abyss:1)
  A hellwing (Abyss:1)
  3 hornets (D:9)
  2 trolls
  A raiju (Abyss:1)
  2 wyverns (D:9)
  A yak (D:9)
  2 steam dragons
  A water moccasin (D:9)
  5 orc warriors
  An ogre (D:7)
  4 centaurs
  3 phantoms (D:5)
  Blork the orc (D:4)
  5 kobold brigands
  A bullfrog (D:7)
  2 scorpions
  14 wights
  10 killer bees
  5 howler monkeys
  A hound (D:6)
  3 orc priests
  2 gnoll boudas
  2 jellies
  A sleepcap (D:5)
  3 iguanas
  9 orc wizards
  A sickly merfolk siren (Sewer)
  A malarious merfolk avatar (Sewer)
  10 gnolls
  A river rat (Sewer)
  9 adders
  A shadow imp (D:5)
  An ufetubus (D:4)
  2 worms
  4 dart slugs
  38 orcs
  6 endoplasms
  10 giant cockroaches
  16 goblins
  14 hobgoblins
  36 kobolds
  6 quokkas
  12 ball pythons
  5 bats
  8 frilled lizards
  31 rats
306 creatures vanquished.

Vanquished Creatures (others)
  A kobold brigand (D:9)
1 creature vanquished.

Grand Total: 307 creatures vanquished

Notes
Turn   | Place    | Note
-------+----------+-------------------------------------------
     0 | D:1      | Borgoz the Gargoyle Gladiator began the quest for the Orb.
     0 | D:1      | Reached XP level 1. HP: 12/12 MP: 1/1
   142 | D:1      | Reached XP level 2. HP: 18/18 MP: 2/2
   615 | D:2      | Reached XP level 3. HP: 18/22 MP: 3/3
  1091 | D:2      | Reached XP level 4. HP: 17/28 MP: 4/4
  2020 | D:3      | Reached XP level 5. HP: 31/32 MP: 5/5
  2196 | D:4      | Identified the +6 scale mail of Moq Kiyw {Slay+3}
  2362 | D:4      | Reached skill level 4 in Staves
  2362 | D:4      | Reached skill level 1 in Armour
  2474 | D:4      | Reached XP level 6. HP: 34/38 MP: 6/6
  2537 | D:4      | Found a glowing drain.
  2541 | Sewer    | Entered a sewer
  3252 | D:4      | Noticed Blork the orc
  3265 | D:4      | Killed Blork the orc
  3266 | D:4      | Reached skill level 5 in Staves
  3266 | D:4      | Reached XP level 7. HP: 35/43 MP: 7/7
  3476 | D:5      | Entered Level 5 of the Dungeon
  3495 | D:5      | Found a staircase to the Ecumenical Temple.
  3733 | Temple   | Entered the Ecumenical Temple
  4105 | D:5      | Reached skill level 6 in Staves
  4105 | D:5      | Reached XP level 8. HP: 48/48 MP: 8/8
  4200 | D:5      | Found a hazy altar of Hepliaklqana.
  4201 | D:5      | Found an iron altar of Okawaru.
  4247 | D:6      | Reached skill level 5 in Fighting
  4529 | D:6      | Identified the +6 rapier of Indestructible Valour {freeze,
                  | Int+2 Dex+3}
  4654 | D:6      | Noticed Pikel
  4689 | D:6      | Killed Pikel
  4690 | D:6      | Reached skill level 7 in Staves
  4827 | D:6      | Found a shimmering blue altar of Sif Muna.
  5206 | D:7      | Reached XP level 9. HP: 54/55 MP: 9/9
  5246 | D:7      | Noticed a komodo dragon
  5274 | D:7      | Killed a komodo dragon
  5275 | D:7      | Reached skill level 5 in Armour
  5275 | D:7      | Reached skill level 5 in Dodging
  5279 | D:7      | Reached skill level 8 in Staves
  5813 | D:7      | Found an ancient bone altar of Kikubaaqudgha.
  6253 | D:8      | Found Rowawkov's Assorted Antiques.
  6259 | D:8      | Bought an emerald ring for 85 gold pieces
  6259 | D:8      | Bought a scroll labelled LATHIUVAACI for 17 gold pieces
  6259 | D:8      | Bought a scroll of identify for 34 gold pieces
  6259 | D:8      | Bought a potion of might for 68 gold pieces
  6819 | D:8      | Killed an unseen horror
  6820 | D:8      | Reached skill level 9 in Staves
  6820 | D:8      | Reached XP level 10. HP: 30/63 MP: 10/10
  7012 | D:8      | Found a radiant altar of Vehumet.
  7918 | D:9      | Reached skill level 10 in Staves
  8253 | D:9      | Noticed a deep elf pyromancer
  8267 | D:9      | Killed a deep elf pyromancer
  8501 | D:10     | Entered Level 10 of the Dungeon
  8580 | D:10     | Found a flagged portal.
  8605 | Bailey   | Entered a bailey
  8610 | Bailey   | Noticed an orc warlord
  8866 | Bailey   | Reached XP level 11. HP: 28/69 MP: 11/11
  9015 | Bailey   | Found a runed translucent gate.
  9016 | Bailey   | Found a runed translucent gate.
  9017 | Bailey   | Found a runed translucent gate.
  9110 | Bailey   | Killed an orc warlord
  9111 | Bailey   | Reached skill level 11 in Staves
  9259 | Bailey   | Acquired 1181 gold pieces
  9416 | D:10     | Found a bloodstained altar of Trog.
  9509 | D:10     | Noticed Urug
  9534 | D:10     | Killed Urug
  9754 | D:10     | Noticed a two-headed ogre
  9818 | D:10     | Found a sacrificial altar of Ru.
  9878 | D:10     | Found a white marble altar of Elyvilon.
 10026 | D:10     | Noticed a cyclops
 10033 | D:10     | Killed a cyclops
 10186 | D:10     | Noticed an orc knight
 10204 | Abyss:1  | Cast into level 1 of the Abyss (orc knight)
 10254 | Abyss:1  | Noticed a bone dragon
 10277 | Abyss:1  | Noticed a balrug
 10277 | Abyss:1  | Noticed a sun demon
 10277 | Abyss:1  | Noticed a sun demon
 10277 | Abyss:1  | Slain by a bone dragon

Illustrated notes

Levels and vault maps discovered:
D:1:      dpeg_arrival_stonehenge_12_columns, layout_basic
D:2:      layout_loops_cross, minmay_pentomino_s4
D:3:      layout_loops_ring
D:4:      layout_gridville, gup_sewer_entry_spiral, uniq_blork_the_orc
D:5:      layout_basic, gammafunk_temple_overflow_pools,
          minmay_temple_entry_junction, bh_walls_and_bars
D:6:      layout_loops_ring, mainiacjoe_overflow_chevrons, uniq_pikel
D:7:      lemuel_ice_spiral_2, layout_rooms, lemuel_tele_altar,
          solitary_fountain, chequers_serial_rivers_large_a
D:8:      layout_loops_ring, mainiacjoe_overflow_surrounded_room, serial_shops,
          shop, special_room [special_room_orc], chequers_serial_rivers_room_a,
          patterned_corridor
D:9:      layout_basic, st_stairs_7, grunt_decor_arrowhead,
          nicolae_two_hexagons, minmay_bent
D:10:     layout_long_grid, trog_book, nicolae_ru_great_annihilating_truth,
          nicolae_overflow_hidden_temple, kennysheep_mini, david_orc_5,
          enter_bailey_3, uniq_urug
Temple:   nicolae_temple_bog_church
Abyss:1:  base:
D:5

Skill      XL: |  1  2  3  4  5  6  7  8  9 10 11 |
---------------+----------------------------------+-----
Throwing       | 2 |  2.5
Fighting       | 3 4 5 7 8 9 |  9.2
Dodging        | 3 4 5 6 7 |  7.2
Staves         | 4 5 6 7 9 10 11 | 11.6
Armour         | 1 2 3 4 6 7 8 |  8.4

Action                     |  1- 3 |  4- 6 |  7- 9 | 10-12 || total
---------------------------+-------+-------+-------+-------++-------
  Melee: Quarterstaff      |   130 |   243 |   355 |   438 ||  1166
  Throw: Throwing net      |       |       |     4 |       ||     4
         Dart              |       |       |     1 |     2 ||     3
         Javelin           |       |       |     1 |       ||     1
    Use: Scroll            |       |       |    17 |    14 ||    31
         Potion            |       |       |     3 |     5 ||     8
   Stab: Held in net/web   |       |       |     3 |       ||     3
         Paralysed         |       |       |       |     1 ||     1
 Armour: Leather armour    |    35 |    34 |       |       ||    69
         Scale mail        |       |    74 |   185 |   196 ||   455
  Dodge: Dodged            |    83 |   113 |   186 |   292 ||   674
  Block: Other             |       |    23 |    95 |   107 ||   225
         Reflection        |       |       |     4 |     6 ||    10
